 Dungeon Crawl Stone Soup version 0.32-a0-607-g64ea0e4219 (webtiles) character file.

Game seed: 12663712359186054450

212 cforsyth the Grave Robber (level 5, -2/46 HPs)
             Began as a Mountain Dwarf Necromancer on Mar 3, 2024.
             Slain by a white imp (3 damage)
             ... on level 4 of the Dungeon.
             The game lasted 00:06:35 (3420 turns).

cforsyth the Grave Robber (MDNe)                    Turns: 3420, Time: 00:06:37

Health: -2/46      AC:  3    Str: 10 (12) XL:     5   Next: 58%
Magic:  7/7        EV: 11    Int: 14 (16) God:
Gold:   136        SH:  0    Dex:  7 (10) Spells: 6/7 levels left

rFire   . . .        n - +0 war axe
rCold   . . .        (no shield)
rNeg    . . .        a - +0 robe
rPois   .            (no helmet)
rElec   .            (no cloak)
rCorr   .            o - +0 pair of gloves
SInv    .            (no boots)
Will    .....        (no amulet)
Stlth   +            (no ring)
HPRegen 0.27/turn    (no ring)
MPRegen 0.10/turn

%: no passive effects
@: no status effects
A: runic magic, artefact enchanting
a: no special abilities


You were on level 4 of the Dungeon.
You visited 1 branch of the dungeon, and saw 4 of its levels.

You collected 136 gold pieces.


Innate Abilities, Weirdness & Mutations

Your spellcasting is much less encumbered by armour.
You can use scrolls of enchantment on lesser artefacts.


   Skills:
 + Level 4.1 Fighting
 + Level 0.3 Axes
 + Level 0.2 Armour
 - Level 1.3 Dodging
 - Level 1.4 Stealth
 - Level 1.7 Spellcasting
 - Level 6.1 Necromancy


You had 6 spell levels left.
You knew the following spells:

 Your Spells              Type           Power      Damage    Failure   Level
X - Necrotise             Necr           72%        1d7       1%          1

Your spell library contained the following spells:

 Spells                   Type           Power      Damage    Failure   Level
 Sublimation of Blood     Necr           18%        N/A       3%          2
 Vampiric Draining        Necr           18%        2d7       6%          3
 Animate Dead             Necr           18%        N/A       19%         4
 Shock                    Conj/Air       4%         1d3       24%         1
 Call Imp                 Summ           2%         N/A       36%         2
 Curse of Agony           Necr           18%        N/A       47%         5
 Swiftness                Air            1%         N/A       58%         3
 Airstrike                Air            0%         2d(1-17)  94%         4
 Summon Hydra             Summ           0%         N/A       100%        7

Inventory:

Hand Weapons
 i - a +0 whip
 n - a +0 war axe (weapon)
Missiles
 m - a throwing net {=f}
Armour
 a - a +0 robe (worn)
 o - a +0 pair of gloves (worn)
Wands
 k - a wand of acid (14)
Scrolls
 e - 3 scrolls of enchant weapon {unknown}
 f - 2 scrolls of teleportation {@r2}
 g - 2 scrolls of revelation
 l - a scroll of vulnerability
 p - a scroll of butterflies {unknown}
Potions
 b - a potion of magic
 d - a potion of lignification
 h - a potion of might
 j - 2 potions of enlightenment

Dungeon Overview and Level Annotations

Branches:
Dungeon (4/15)
 Temple: D:4-7

Altars:
Gozag
Yredelemnul

########..#.▓▓▓▓.▓▓▓
#..#.▓▓.....▓▓ # ##
#..#.▓.......▓.# .#
#....▓.......▓.# .#
#.##....)⚑.....# .#
#(##.▓.......▓ .#
#.#..▓.......▓ .#
#.#..▓▓.....▓▓ .##
#.#..▓▓▓▓@▓▓▓
..######.#.......5..?...
................##...#..
..#####.......#.# #..#
.....#####.####.# ..#
..##.# #.# #. .# .###.##
#.# .^ . ......# #.# ..
.. ####..# #..


You could see a white imp.


Message History

The white imp completely misses you. The white imp gestures at you.
The puff of frost hits you.
* * * LOW HITPOINT WARNING * * *
You are too injured to fight recklessly!
You are too injured to fight recklessly!
You are too injured to fight recklessly!
You are too injured to fight recklessly!
You are too injured to fight recklessly!
You are too injured to fight recklessly!
You closely miss the white imp.
The white imp is severely wounded.
The white imp gestures at you. The puff of frost hits you!
* * * LOW HITPOINT WARNING * * *
You barely miss the white imp.
The white imp is severely wounded.
The white imp gestures at you. The puff of frost misses you.
The white imp puffs mist at you. The white imp gestures at you.
The puff of frost hits you!
* * * LOW HITPOINT WARNING * * *
It was a potion of degeneration.
There was something very wrong with that liquid.
You feel weakened.
You feel dopey.
You feel clumsy. The white imp hits you.
* * * LOW HITPOINT WARNING * * *
The white imp freezes you.
You die...

Skill      XL: |  1  2  3  4  5 |
---------------+----------------+-----
Fighting       | 1 2 3 4 |  4.1
Necromancy     | 5 6 |  6.1
Axes           | |  0.3
Armour         | |  0.2
Dodging        | |  1.3
Stealth        | |  1.4
Spellcasting   | |  1.7

Action                     |  1- 3 |  4- 6 || total
---------------------------+-------+-------++-------
  Melee: Unarmed           |    58 |       ||    58
         Whip              |     5 |       ||     5
         War axe           |       |     9 ||     9
   Cast: Necrotise         |    75 |    65 ||   140
    Use: Scroll            |       |     6 ||     6
         Potion            |       |     1 ||     1
 Armour: Robe              |    64 |    20 ||    84
  Dodge: Dodged            |    59 |    15 ||    74

Levels and vault maps discovered:
D:1:      lightli_arrival_farm, layout_basic,
          shapermc_ecumenical_altar_mp_vishouse, minmay_heptomino_h4
D:2:      layout_loops_cross, palyth_stone_intersect, serial_bayou_ford_a,
          corexii_shack
D:3:      layout_basic, marbit_many_paths
D:4:      layout_loops_ring, mainiacjoe_overflow_alcove_4, old_standard_altar,
          chequers_avenue, uniq_grinder, uniq_blork_the_orc, uniq_duvessa

Notes
Turn   | Place    | Note
-------+----------+-------------------------------------------
     0 | D:1      | cforsyth the Mountain Dwarf Necromancer began the quest for
                  | the Orb.
     0 | D:1      | Reached XP level 1. HP: 14/14 MP: 3/3
   234 | D:1      | Reached skill level 1 in Fighting
   242 | D:1      | Reached XP level 2. HP: 18/23 MP: 0/4
   707 | D:1      | Reached skill level 2 in Fighting
   753 | D:1      | Reached skill level 5 in Necromancy
   753 | D:1      | Reached XP level 3. HP: 29/29 MP: 2/5
  1043 | D:1      | Found a faded altar of an unknown god.
  2057 | D:3      | Reached XP level 4. HP: 32/37 MP: 3/6
  2198 | D:3      | Reached skill level 3 in Fighting
  2496 | D:3      | Reached XP level 5. HP: 45/45 MP: 2/7
  2876 | D:3      | Reached skill level 4 in Fighting
  2876 | D:3      | Reached skill level 6 in Necromancy
  3011 | D:3      | Found an opulent altar of Gozag.
  3399 | D:4      | Found a basalt altar of Yredelemnul.
  3419 | D:4      | HP: 1/46 [white imp/puff of frost (9)]
  3420 | D:4      | Slain by a white imp

Vanquished Creatures
  A bombardier beetle (D:3)
  An orc priest (D:3)
  7 adders
  4 dart slugs
  A ribbon worm (D:2)
  5 orcs
  6 ball pythons
  5 endoplasms
  5 giant cockroaches
  5 goblins
  3 jackals (D:1)
  2 quokkas (D:1)
  7 bats
  4 frilled lizards
  8 kobolds
  5 rats
69 creatures vanquished.

Vanquished Creatures (collateral kills)
  An orc (D:3)
  A ball python (D:1)
  A bat (D:1)
  A jackal (D:1)
4 creatures vanquished.

Grand Total: 73 creatures vanquished

Table legend: (Time is in decaauts)
 A = Elapsed time spent in this place.
 B = Non-inter-level travel time spent in this place.
 C = Inter-level travel time spent in this place.
 D = Time resting spent in this place.
 E = Time spent auto-exploring this place.
 F = Levels seen in this place.
 G = Mean time per level.
                   A        B        C        D        E       F      G
               +--------+--------+--------+--------+--------+-----+--------+
         Total |   3441 |   3351 |     90 |    146 |   2631 |   4 |  860.2 |
       Dungeon |   3441 |   3351 |     90 |    146 |   2631 |   4 |  860.2 |
               +--------+--------+--------+--------+--------+-----+--------+

Top non-repeatable levels by time:
     D:1: 1422 daAuts
     D:3: 1088 daAuts
     D:2: 603 daAuts
     D:4: 326 daAuts

Table legend:
 A = Non-vault XP
 B = Vault XP
 C = Vault XP percentage of total XP
 D = Non-vault monster count
 E = Vault monster count
 F = Vault count percentage of total count
                 A         B        C        D         E       F
            +---------+---------+-------+---------+---------+-------
      Total |     297 |       7 |   2.3 |      69 |       4 |   5.5
            +---------+---------+-------+---------+---------+-------
        D:1 |      58 |       3 |   4.9 |      32 |       2 |   5.9
        D:2 |      28 |       2 |   6.7 |       8 |       1 |  11.1
        D:3 |     188 |       2 |   1.1 |      24 |       1 |   4.0
        D:4 |      23 |       0 |   0.0 |       5 |       0 |   0.0
            +---------+---------+-------+---------+---------+-------
